 Dungeon Crawl Stone Soup version 0.29.1-12-g30fa7ad0bf (webtiles) character file.

Game seed: 18140886941609799971

107 mortz the Trooper (level 4, 0/29 HPs)
             Began as a Gargoyle Abyssal Knight on Dec 31, 2022.
             Was a Priest of Lugonu.
             Slain by Crazy Yiuf
             ... wielding a +4 quarterstaff of chaos
              (7 damage)
             ... while paralysed by Crazy Yiuf
             ... on level 2 of the Dungeon.
             The game lasted 00:13:52 (2713 turns).

mortz the Trooper (Gargoyle Abyssal Knight)         Turns: 2713, Time: 00:13:53

Health: 0/29       AC: 10    Str: 19    XL:     4   Next: 86%
Magic:  6/6        EV:  2    Int: 10    God:    Lugonu [***...]
Gold:   75         SH:  0    Dex: 10    Spells: 3/3 levels left

rFire   . . .      SeeInvis .   a - +1 hammer (holy)
rCold   . . .      Faith    .   (no shield)
rNeg    + . .      Spirit   .   c - +0 ring mail
rPois   ∞          Reflect  .   p - +0 helmet
rElec   +          Harm     .   (no cloak)
rCorr   .          Rampage  .   (no gloves)
Will    .....                   (no boots)
Stlth   ..........              (no amulet)
HPRegen 0.09/turn               (no ring)
MPRegen 0.10/turn               (no ring)

@: paralysed, agile, invisible
A: sickness immunity, AC +3, negative energy resistance 1, electricity
resistance, torment resistance 1, petrification resistance
a: Renounce Religion, Depart the Abyss, Bend Space, Banish


You were on level 2 of the Dungeon.
You worshipped Lugonu.
Lugonu was most pleased with you.
You visited 1 branch of the dungeon, and saw 2 of its levels.
You visited the Abyss 1 time.

You collected 75 gold pieces.

Inventory:

Hand Weapons
 a - a +1 hammer of holy wrath (weapon)
 b - a +0 sling
 g - a +3 short sword
 l - a +2 dagger of draining
 n - a +1 mace
Missiles
 d - 8 stones
 m - 4 curare-tipped darts (quivered)
Armour
 c - a +0 ring mail (worn)
 p - a +0 helmet (worn)
Scrolls
 e - a scroll of identify {unknown}
 i - a scroll of poison
 j - a scroll of acquirement {unknown}
 k - a scroll of teleportation {unknown}
 o - a scroll of noise {unknown}
Potions
 f - 3 potions of curing
 h - a potion of heal wounds {unknown}


   Skills:
 + Level 4.1 Fighting
 * Level 3.7 Maces & Flails
 - Level 2.1 Armour
 - Level 0.7 Dodging
 + Level 3.1 Invocations


You had 3 spell levels left.
You didn't know any spells.
Your spell library contained the following spells:

 Spells                   Type           Power      Damage    Failure   Level
 Blink                    Tloc           0%         N/A       67%         2
 Lesser Beckoning         Tloc           0%         N/A       88%         3
 Ozocubu's Armour         Ice            0%         N/A       88%         3
 Freezing Cloud           Conj/Ice/Air   0%         6-21      100%        5
 Manifold Assault         Tloc           0%         N/A       100%        5
 Metabolic Englaciation   Hex/Ice        0%         N/A       100%        5
 Simulacrum               Ice/Necr       0%         N/A       100%        6
 Polar Vortex             Ice            0%         N/A       100%        9


Dungeon Overview and Level Annotations

Branches:
Dungeon (2/15) Zot: 9255

Altars:

Annotations:
D:2 Crazy Yiuf


Innate Abilities, Weirdness & Mutations

You are immune to sickness and miasma.
Your stone body is resilient. (AC +3)
You are immune to poison.
You resist negative energy. (rN+)
You are resistant to electric shocks. (rElec)
You are resistant to unholy torment.
You are immune to petrification.


Message History

HP restored.
You see here a hobgoblin corpse.
There is a stone staircase leading up here.
Found a ring mail.
You see here a +0 ring mail.
Items here: )) ÷÷÷.
You see here a +0 hammer.
You see here a +0 hammer.
You see here a +0 hammer.
You see here a +0 hammer.
The air fills with toxic fumes!
As you read the scroll labelled BEIMOBL ICSU, it crumbles to dust.
It was a scroll of poison.
Crazy Yiuf says, "Scoff!
Cholesterol rumpyflump cower."
You open the door. You sock Crazy Yiuf!
Crazy Yiuf is heavily wounded.
Crazy Yiuf hits you with a +4 quarterstaff of chaos.
You feel agile all of a sudden.
You barely miss Crazy Yiuf.
Crazy Yiuf is heavily wounded.
Crazy Yiuf drinks a potion.
Crazy Yiuf is healed!
You hit Crazy Yiuf.
Crazy Yiuf is lightly wounded.
Crazy Yiuf hits you with a +4 quarterstaff of chaos.
Crazy Yiuf burns you.
You hit Crazy Yiuf.
Crazy Yiuf is moderately wounded.
Crazy Yiuf cries, "Whippet!"
Crazy Yiuf misses you.
You closely miss Crazy Yiuf.
Crazy Yiuf is moderately wounded.
Crazy Yiuf says, "Rifle!
Peeping alas light."
Crazy Yiuf hits you with a +4 quarterstaff of chaos.
You fade into invisibility!
Crazy Yiuf hits you with a +4 quarterstaff of chaos!
* * * LOW HITPOINT WARNING * * *
You suddenly lose the ability to move!
Crazy Yiuf hits you with a +4 quarterstaff of chaos!
You die...

#....####
########
#....#
#P...#
##P.)# ##)##
##☼# #☼##
##### ##§#
######...#
#@##
#........###
#g#
######...#.#
))) ##.#.#.
#)))# #..###
#).)# #.#.#[
##### #....#
######


You could see Crazy Yiuf (unable to see you).

Vanquished Creatures
  Jessica (D:2)
  Robin (D:2)
  An adder (D:2)
  2 dart slugs (D:1)
  5 bats
  2 endoplasms
  11 goblins
  11 hobgoblins
  4 jackals (D:1)
  3 kobolds
  2 ball pythons (D:1)
  2 frilled lizards
  7 rats
52 creatures vanquished.

Vanquished Creatures (others)
  A fungus (D:2)
1 creature vanquished.

Grand Total: 53 creatures vanquished

Notes
Turn   | Place    | Note
-------+----------+-------------------------------------------
     0 | Abyss:1  | mortz the Gargoyle Abyssal Knight began the quest for the
                  | Orb.
     0 | Abyss:1  | Reached XP level 1. HP: 14/14 MP: 2/2
     1 | D:1      | Escaped the Abyss
   180 | D:1      | Reached XP level 2. HP: 19/19 MP: 3/3
  1053 | D:1      | Reached XP level 3. HP: 23/23 MP: 4/4
  1120 | D:1      | Reached *** piety under Lugonu
  1562 | D:2      | Noticed Robin
  2220 | D:2      | Found a runed translucent door.
  2221 | D:2      | Noticed Crazy Yiuf
  2361 | D:2      | Killed Robin
  2362 | D:2      | Reached XP level 4. HP: 29/29 MP: 6/6
  2372 | D:2      | Noticed Jessica
  2396 | D:2      | Killed Jessica
  2397 | D:2      | Reached skill level 4 in Fighting
  2712 | D:2      | Paralysed by Crazy Yiuf for 2 turns
  2713 | D:2      | Slain by Crazy Yiuf

Illustrated notes

Levels and vault maps discovered:
D:1:      beargit_arrival_diablo_church, layout_basic
D:2:      layout_loops_ring, uniq_robin, uniq_crazy_yiuf_cottage, uniq_jessica

Skill      XL: |  1  2  3  4 |
---------------+-------------+-----
Maces & Flails | 3 |  3.7
Fighting       | 4 |  4.1
Invocations    | 3 |  3.1
Armour         | |  2.1
Dodging        | |  0.7

Action                   |  1- 3 |  4- 6 || total
-------------------------+-------+-------++-------
Melee: Mace              |    74 |    37 ||   111
       Short sword       |    42 |       ||    42
       Punch             |     1 |       ||     1
       Dagger            |     1 |       ||     1
 Fire: Sling             |     1 |       ||     1
Throw: Stone             |     3 |       ||     3
       Dart              |     2 |     3 ||     5
Invok: Bend Space        |     3 |       ||     3
  Use: Scroll            |       |     1 ||     1
Armor: Leather armour    |     9 |       ||     9
       Ring mail         |    60 |    10 ||    70
Dodge: Dodged            |    85 |    15 ||   100
